 Dungeon Crawl Stone Soup version 0.29.1-15-g9cfb28693d (webtiles) character file.

Game seed: 6397812690613349905

64 Ast3rio the Shield-Bearer (level 4, -8/37 HPs)
             Began as a Formicid Fighter on Mar 23, 2023.
             Mangled by a gnoll
             ... wielding a +2 halberd of venom
              (10 damage)
             ... on level 3 of the Dungeon.
             The game lasted 00:01:45 (1695 turns).

Ast3rio the Shield-Bearer (Formicid Fighter)        Turns: 1695, Time: 00:01:47

Health: -8/37      AC:  7    Str: 23    XL:     4   Next: 32%
Magic:  4/4        EV:  9    Int:  7    God:
Gold:   141        SH:  5    Dex: 13    Spells: 3/3 levels left

rFire   . . .      SeeInvis +   a - +0 war axe
rCold   . . .      Faith    .   c - +0 buckler
rNeg    . . .      Spirit   .   b - +0 scale mail
rPois   .          Reflect  .   (helmet unavailable)
rElec   .          Harm     .   (no cloak)
rCorr   .          Rampage  .   (no gloves)
Will    .....                   (no boots)
Stlth   ..........              (no amulet)
HPRegen 0.12/turn               (no ring)
MPRegen 0.09/turn               (no ring)

@: lethally poisoned (-8 -> -12)
A: permanent stasis, dig shafts and tunnels, antennae 3, four strong arms
a: Dig, Shaft Self


You were on level 3 of the Dungeon.
You visited 1 branch of the dungeon, and saw 3 of its levels.

You collected 141 gold pieces.

Inventory:

Hand Weapons
 a - a +0 war axe (weapon)
Armour
 b - a +0 scale mail (worn)
 c - a +0 buckler (worn)
Scrolls
 f - a scroll of acquirement {unknown}
 g - 2 scrolls of identify {unknown}
Potions
 d - a potion of might
 e - a potion of lignification {unknown}
 h - a potion of attraction {unknown}
 i - a potion of heal wounds {unknown}


   Skills:
 + Level 3.9 Fighting
 + Level 3.1 Axes
 + Level 3.7 Armour
 + Level 0.3 Stealth
 + Level 4.3 Shields


You had 3 spell levels left.
You didn't know any spells.
Your spell library contained the following spells:

 Spells                   Type           Power      Damage    Failure   Level
 Ensorcelled Hibernation  Hex/Ice        0%         N/A       91%         2
 Dazzling Flash           Conj/Hex       0%         N/A       99%         3
 Spider Form              Tmut/Pois      0%         N/A       99%         3
 Anguish                  Hex/Necr       0%         N/A       100%        4
 Iskenderun's Mystic Bla  Conj/Tloc      0%         2d3       100%        4
 Starburst                Conj/Fire      0%         6d3       100%        6


Dungeon Overview and Level Annotations

Branches:
Dungeon (3/15)

Altars:


Innate Abilities, Weirdness & Mutations

You cannot be hasted, slowed, berserked, paralysed or teleported.
You can dig through walls and to a lower floor.
You have a pair of large antennae on your head. (SInv)
Your four strong arms can wield two-handed weapons with a shield.


Message History

There is a stone staircase leading up here.
The gnoll shouts! x2
You block the gnoll's attack.
You climb upwards.
There is a stone staircase leading down here.
Okay, then.
There is a stone staircase leading down here.
You climb downwards.
An endoplasm comes into view.
The frilled lizard hisses.
The frilled lizard bites you but does no damage.
There is a stone staircase leading up here.
You barely miss the frilled lizard.
The endoplasm quivers.
A frilled lizard comes into view.
You block the frilled lizard's attack.
The frilled lizard unfolds its giant frill.
The frilled lizard closely misses you.
A hobgoblin comes into view.
You barely miss the frilled lizard.
The hobgoblin shouts!
The frilled lizard hisses angrily.
The frilled lizard bites you but does no damage.
You barely miss the gnoll. You slash the gnoll!
You barely miss the frilled lizard. The gnoll hits you with a +0 whip.
The gnoll hits you from afar with a +2 halberd of venom.
You are poisoned.
The frilled lizard barely misses you. The gnoll hits you with a +0 flail.
You closely miss the gnoll. You hit the gnoll but do no damage.
You hit the frilled lizard.
You feel very sick. The gnoll hits you but does no damage.
The gnoll hits you from afar with a +2 halberd of venom!
* * * LOW HITPOINT WARNING * * *
The frilled lizard bites you but does no damage.
The gnoll barely misses you. The gnoll closely misses you.
The gnoll hits you with a +0 flail.
* * * LOW HITPOINT WARNING * * *
The frilled lizard barely misses you.
The gnoll hits you from afar with a +2 halberd of venom!
You die...

... #..
###.###
#..g..#
###.....####
#....g.....
#.gJl.#
#.ggl.#
###@### #.#
#.# #.. .##
. . #.


You could see 4 gnolls, an endoplasm, a hobgoblin and 2 frilled lizards.

Vanquished Creatures
  3 adders (D:2)
  A worm (D:2)
  2 ball pythons (D:2)
  8 bats
  4 endoplasms
  A giant cockroach (D:1)
  3 goblins
  2 hobgoblins (D:1)
  2 quokkas (D:1)
  A frilled lizard (D:2)
  4 kobolds
  3 rats
34 creatures vanquished.

Notes
Turn   | Place    | Note
-------+----------+-------------------------------------------
     0 | D:1      | Ast3rio the Formicid Fighter began the quest for the Orb.
     0 | D:1      | Reached XP level 1. HP: 18/18 MP: 1/1
   171 | D:1      | Reached XP level 2. HP: 11/24 MP: 2/2
   854 | D:2      | Reached XP level 3. HP: 29/29 MP: 3/3
  1252 | D:2      | Reached XP level 4. HP: 34/37 MP: 4/4
  1372 | D:2      | Found a faded altar of an unknown god.
  1695 | D:3      | Mangled by a gnoll

Illustrated notes

Levels and vault maps discovered:
D:1:      lightli_arrival_maybe_door_vault, layout_loops_ring
D:2:      layout_loops_corners, ebering_ecumenical_altar_abandoned,
          kennysheep_nub, minivault_11
D:3:      layout_loops_ring, nicolae_uskayaw_dance_hall,
          chequers_temple_overflow_statue_of_worship, uniq_ijyb

Skill      XL: |  1  2  3  4 |
---------------+-------------+-----
Axes           | 3 |  3.1
Fighting       | |  3.9
Armour         | |  3.7
Stealth        | |  0.3
Shields        | |  4.3

Action                   |  1- 3 |  4- 6 || total
-------------------------+-------+-------++-------
Melee: War axe           |    59 |    15 ||    74
Armor: Scale mail        |    35 |     6 ||    41
Dodge: Dodged            |    41 |     9 ||    50
Block: Buckler           |    20 |     6 ||    26
